 Dungeon Crawl Stone Soup version 0.22.1-6-g1668fe2c40 (webtiles) character file.

32 NochnoyZador the Scratcher (level 3, 0/17 HPs)
             Began as a Felid Chaos Knight on Jan 23, 2019.
             Succumbed to an adder's poison
             ... on level 1 of the Dungeon.
             The game lasted 00:04:10 (972 turns).

NochnoyZador the Scratcher (Felid Chaos Knight)      Turns: 972, Time: 00:04:10

Health: 0/17       AC:  1    Str: 14    XL:     3   Next: 8%
Magic:  4/4        EV: 18    Int: 13    God:    Xom [......]
Gold:   54         SH:  0    Dex: 15    Spells: 2/2 levels left
                                        Lives:  0   Deaths: 0

rFire    . . .     SeeInvis +     - Unarmed
rCold    . . .     Gourm    .   (shield unavailable)
rNeg     . . .     Faith    .   (armour unavailable)
rPois    .         Spirit   .   (helmet unavailable)
rElec    .         Reflect  .   (cloak unavailable)
rCorr    .         Harm     .   (gloves unavailable)
MR       .....                  (boots unavailable)
Stlth    ++........             (no amulet)
HPRegen  0.05/turn              (no ring)
MPRegen  0.09/turn              (no ring)

@: mighty, lethally poisoned (0 -> -5), flying, quick
A: very small, no armour, no weapons or thrown items, stealth, claws 1, fangs 3,
see invisible, carnivore, speed 1, shaggy fur 1, slow metabolism 1, sharp paws
a: Renounce Religion


You were on level 1 of the Dungeon.
You worshipped Xom.
You were a very special plaything of Xom.
You were completely stuffed.

You visited 1 branch of the dungeon, and saw 2 of its levels.

You collected 54 gold pieces.

Inventory:

Scrolls
 c - a scroll of remove curse {unknown}
 d - a scroll of fear {unknown}
 e - a scroll of enchant weapon {unknown}
Potions
 b - a potion of curing {unknown}
 f - a potion of flight
 g - 2 potions of agility {unknown}
 h - a potion of heal wounds {unknown}
 i - 2 potions of might
Comestibles
 a - 4 rations


   Skills:
 - Level 3.0 Fighting
 - Level 3.2 Dodging
 * Level 2.8 Stealth
 * Level 3.6 Unarmed Combat


You had 2 spell levels left.
You didn't know any spells.
Your spell library was empty.

Dungeon Overview and Level Annotations

Branches:
Dungeon (2/15)

Altars:
Ru


Innate Abilities, Weirdness & Mutations

You cannot wear armour.
You are incapable of wielding weapons or throwing items.
Your paws allow you to move quietly. (Stealth)
You have sharp claws.
You have razor-sharp teeth.
You have supernaturally acute eyesight. (SInv)
You are carnivorous and can eat meat at any time.
You cover ground quickly.
You are covered in fur. (AC +1)
You have a slow metabolism.
Your sharp claws are effective at attacking unaware monsters.


Message History

* * * LOW HITPOINT WARNING * * *
You feel sick. The adder completely misses you.
You closely miss the adder.
The adder is severely wounded.
The adder closely misses you. The adder completely misses you.
You scratch the adder.
You kill the adder!
You have reached level 3!
Your experience leads to an increase in your attributes!
Increase (S)trength, (I)ntelligence, or (D)exterity?
You feel stronger.
* * * LOW HITPOINT WARNING * * *
You feel sick.
It was a potion of might.
You feel very mighty all of a sudden.
It was a potion of flight.
You feel very buoyant.
You fly up into the air.
You die...
Xom chuckles heartily!

...#.# #.# #.#.#.#....#.# ...#.#
#.# #...#.#..###.# ...#.#
#.#######.#.#....#.# ...#.#
#.#.......#.#.##.#.# #..#.#
#.#.......#.#..#.#.# ...#.#
#.#######.#.#.##.#.# ##.#.#
#.........#.#.##.#.#
...#.##############.#.##.#.#
####...........†@.#.#.##.#.#
.....############.#.#.##.#.#
####(....# #>#.#.##.#.#
#........# #.#.#.##.#.#
#........########.#.#....#.######
#....[............#.######.......
#.......###########[......######.
#.......# #######.# #. #.......#
#.#####.# #.


There were no monsters in sight!

Vanquished Creatures
  An adder (D:1)
  An ooze (D:1)
  2 leopard geckos
  A goblin (D:1)
  A hobgoblin (D:1)
  3 bats (D:1)
  A frilled lizard (D:1)
  4 kobolds (D:1)
  2 rats (D:1)
16 creatures vanquished.

Notes
Turn   | Place    | Note
-------+----------+-------------------------------------------
     0 | D:1      | NochnoyZador the Felid Chaos Knight began the quest for the
                  | Orb.
     0 | D:1      | Reached XP level 1. HP: 10/10 MP: 2/2
    60 | D:1      | Reached skill level 1 in Stealth
   167 | D:1      | XOM: divination: detect creatures
   190 | D:1      | XOM: cloud trail
   270 | D:1      | Reached XP level 2. HP: 9/14 MP: 3/3
   491 | D:1      | XOM: butterfly on damage
   496 | D:1      | XOM: butterfly on damage
   577 | D:1      | XOM: harmless Tmut miscast
   881 | D:1      | Found a sacrificial altar of Ru.
   965 | D:1      | XOM: blink monster(s)
   970 | D:1      | Reached XP level 3. HP: 2/17 MP: 4/4
   972 | D:1      | Succumbed to an adder's poison

Skill      XL: |  1  2 |
---------------+-------+-----
Stealth        | 1 2 |  2.8
Fighting       | |  3.0
Dodging        | |  3.2
Unarmed Combat | |  3.6

Action                   || total
-------------------------++-------
Melee: Unarmed           ||    47
       Punch             ||     3
       Bite              ||     1
  Use: Potion            ||     2
 Stab: Sleeping          ||     5
  Eat: Chunk             ||     7
Armor: Skin              ||     8
Dodge: Dodged            ||    36
